 Dungeon Crawl Stone Soup version 0.17-a0-1663-gb806841 (webtiles) character file.

319 patman the Quickloader (level 6, -5/35 HPs)
             Began as a Tengu Hunter on Aug 16, 2015.
             Hit by a stone thrown by an orc warrior (9 damage)
             ... on level 5 of the Dungeon.
             The game lasted 00:06:16 (3640 turns).

patman the Quickloader (Tengu Hunter)               Turns: 3640, Time: 00:06:17

Health: -5/35      AC: 10    Str: 13    XL:     6   Next: 45%
Magic:  7/7        EV: 12    Int: 11    God:
Gold:   247        SH:  0    Dex: 16    Spells: 0 memorised, 5 levels left

rFire  . . .     SeeInvis .     a - +1 hand crossbow
rCold  . . .     Clarity  .     d - +1 leather armour
rNeg   . . .     SustAt   +     (no shield)
rPois  .         Gourm    .     (helmet restricted)
rElec  .         Spirit   .     o - +2 cloak
rCorr  .         Warding  .     x - +2 pair of gloves
rMut   .         Stasis   .     (boots unavailable)
MR     .....                    (no amulet)
Stlth  ++........               t - ring of invisibility
                                n - ring of sustain attributes

@: not resistant to hostile enchantments, unstealthy
A: beak, talons 3, able to fly 1
a: Fly, Evoke Invisibility


You were on level 5 of the Dungeon.
You were not hungry.

You visited 1 branch of the dungeon, and saw 5 of its levels.

You collected 247 gold pieces.

Inventory:

Hand weapons
 a - a +1 hand crossbow (weapon)
 b - a +2 short sword of electrocution
 e - a +0 short sword
Missiles
 c - 54 bolts (quivered)
 f - 131 stones
Armour
 d - a +1 leather armour (worn)
 o - a +2 cloak (worn)
 x - a +2 pair of gloves (worn)
Jewellery
 n - a ring of sustain attributes (left hand)
 t - a ring of invisibility (right hand)
Scrolls
 h - a scroll of fog
 i - 3 scrolls of enchant armour
 l - a scroll of teleportation
 q - a scroll of recharging {unknown}
 r - a scroll of random uselessness {unknown}
 y - a scroll of identify {unknown}
Potions
 j - 3 potions of curing {unknown}
 m - a potion of heal wounds {unknown}
 s - 3 potions of berserk rage
 u - a potion of cancellation {unknown}
 w - a potion of poison {unknown}
 A - 2 potions of cure mutation {unknown}
 B - 2 potions of flight {unknown}
Comestibles
 g - 3 meat rations
 k - 2 bread rations
 p - a beef jerky
 v - 6 chunks of flesh
 z - a royal jelly


   Skills:
 - Level 2.0 Fighting
 - Level 1.6 Short Blades
 * Level 8.0 Crossbows
 - Level 2.1 Dodging
 - Level 1.0 Stealth


You had 5 spell levels left.
You didn't know any spells.

Dungeon Overview and Level Annotations

Branches:
Dungeon (5/15)
 Temple: D:4-7

Altars:
Elyvilon


Innate Abilities, Weirdness & Mutations

You have a beak for a mouth.
You have claws for feet.
You can fly.


Message History

You shoot a bolt.
The bolt hits the orc warrior but does no damage.
The orc warrior throws a stone.
The stone closely misses you.
Firing (i - inventory. (,) - cycle):
c - 55 bolts (quivered)
Press: ? - help, Shift-Dir - straight line, f/p - orc warrior
Aim: an orc warrior, wielding a mace and wearing a plate armour You shoot a bolt.
The bolt closely misses the orc warrior.
The orc warrior throws a stone.
The stone hits you!
* * * LOW HITPOINT WARNING * * *
The orc warrior throws a stone.
The stone barely misses you.
You see here a club.
Things that are here:
a short sword x2 a scale mail The orc warrior throws a stone.
The stone closely misses you.
You see here a stone.
You see here a stone.
The orc warrior throws a stone.
The stone hits you!
You die...

########(........#
#......)...)o...##
#.####.#######(.#
#.....## #..#
##.)...####..#
##.o8##.##.##
#.8.....#.
#...#.###.
#).#@#.# #...##(##
#..###.#..# #.#
###### .?. ###


You could see an orc warrior.

Vanquished Creatures
  A centaur (D:4)
  A giant frog skeleton (D:4)
  2 orc wizards
  A worker ant (D:4)
  5 adders
  3 worms
  9 orcs
  2 ball pythons
  5 giant cockroaches
  8 goblins
  4 hobgoblins
  7 jackals
  7 kobolds
  3 quokkas
  6 bats
  2 giant geckos (D:2)
  6 giant newts
  7 rats
79 creatures vanquished.

Notes
Turn   | Place    | Note
--------------------------------------------------------------
     0 | D:1      | patman the Tengu Hunter began the quest for the Orb.
     0 | D:1      | Reached XP level 1. HP: 12/12 MP: 2/2
   203 | D:1      | Reached XP level 2. HP: 9/17 MP: 3/3
   578 | D:1      | Reached skill level 5 in Crossbows
   615 | D:2      | Reached XP level 3. HP: 17/21 MP: 4/4
  1033 | D:2      | Reached skill level 1 in Short Blades
  1218 | D:2      | Reached XP level 4. HP: 26/26 MP: 5/5
  1821 | D:3      | You fall through a shaft!
  2080 | D:4      | Noticed a centaur
  2092 | D:4      | Killed a centaur
  2092 | D:4      | Reached skill level 6 in Crossbows
  2092 | D:4      | Gained mutation: You can fly. [Tengu growth]
  2092 | D:4      | Reached XP level 5. HP: 3/30 MP: 6/6
  2095 | D:4      | Reached skill level 7 in Crossbows
  2700 | D:4      | Reached XP level 6. HP: 29/35 MP: 7/7
  2876 | D:4      | Found a white marble altar of Elyvilon.
  3550 | D:5      | Entered Level 5 of the Dungeon
  3586 | D:5      | Reached skill level 8 in Crossbows
  3640 | D:5      | Hit by a stone thrown by an orc warrior

Vault maps used:
D:1:      dpeg_arrival_ternary
D:3:      first_bread, kennysheep_generic_room_12
D:4:      nicolae_overflow_hidden_temple
D:5:      kennysheep_mini_moat, serial_shops, shop, guppyfry_early_orc_mine

Action                   |  1- 3 |  4- 6 || total
-------------------------+-------+-------++-------
Melee: Short sword       |    60 |   122 ||   182
 Fire: Hand crossbow     |    13 |     4 ||    17
  Use: Scroll            |       |     3 ||     3
       Potion            |       |     1 ||     1
 Stab: Sleeping          |     4 |       ||     4
  Eat: Chunk             |       |     5 ||     5
       Bread ration      |       |     1 ||     1
